 Dungeon Crawl Stone Soup version 0.24.0-13-gcf9b319 (webtiles) character file.

Game seed: 11463959673382303206, levelgen mode: deterministic

98 Bronimir the Digger (level 5, -4/35 HPs)
             Began as a Formicid Earth Elementalist on Mar 25, 2020.
             Slain by a wyvern zombie (10 damage)
             ... on level 3 of the Dungeon.
             The game lasted 00:03:50 (1866 turns).

Bronimir the Digger (Formicid Earth Elementalist)   Turns: 1866, Time: 00:03:51

Health: -4/35      AC:  2    Str: 13    XL:     5   Next: 1%
Magic:  9/9        EV: 12    Int: 15    God:
Gold:   69         SH:  0    Dex: 11    Spells: 3/9 levels left

rFire    . . .     SeeInvis +   a - +0 flail (holy)
rCold    . . .     Gourm    .   (no shield)
rNeg     . . .     Faith    .   c - +0 robe
rPois    .         Spirit   .   (helmet unavailable)
rElec    .         Reflect  .   (no cloak)
rCorr    .         Harm     .   (no gloves)
MR       .....                  (no boots)
Stlth    ++........             (no amulet)
HPRegen  0.11/turn              (no ring)
MPRegen  0.11/turn              (no ring)

@: no status effects
A: permanent stasis, dig shafts and tunnels, four strong arms, antennae 3
a: Dig, Shaft Self


You were on level 3 of the Dungeon.
You were very hungry.

You visited 1 branch of the dungeon, and saw 3 of its levels.

You collected 69 gold pieces.

Inventory:

Hand Weapons
 a - a +0 flail of holy wrath (weapon)
 e - a +0 mace
Missiles
 b - 39 stones (quivered)
 h - 50 arrows
Armour
 c - a +0 robe (worn)
 p - a +1 chain mail of fire resistance
Wands
 l - a wand of random effects (13)
Scrolls
 f - a scroll of amnesia {unknown}
 g - a scroll of blinking {unknown}
 j - a scroll of fear {unknown}
 n - a scroll of enchant armour {unknown}
Potions
 i - a potion of brilliance {unknown}
 k - a potion of ambrosia
 m - a potion of lignification {unknown}
 o - a potion of curing {unknown}
Comestibles
 d - 2 rations


   Skills:
 + Level 1.0 Maces & Flails
 * Level 1.4 Armour
 + Level 2.0 Dodging
 - Level 2.4 Stealth
 + Level 2.9 Spellcasting
 * Level 1.2 Transmutations
 * Level 5.0 Earth Magic


You had 3 spell levels left.
You knew the following spells:

 Your Spells              Type           Power        Failure   Level  Hunger
a - Sandblast             Erth           ###...       2%          1    #......
b - Passwall              Tmut/Erth      ##......     9%          2    ##.....
c - Stone Arrow           Conj/Erth      #.....       22%         3    ###....

Your spell library contained the following spells:

 Spells                   Type           Power        Failure   Level  Hunger
 Petrify                  Tmut/Erth      ##......     50%         4    #####..
 Lee's Rapid Deconstruct  Erth           ###.......   56%         5    ######.


Dungeon Overview and Level Annotations

Branches:
Dungeon (3/15)

Altars:
Xom


Innate Abilities, Weirdness & Mutations

You cannot be hasted, slowed, berserked, paralysed or teleported.
You can dig through walls and to a lower floor.
Your four strong arms can wield two-handed weapons with a shield.
You have a pair of large antennae on your head. (SInv)


Message History

You hit the wyvern zombie but do no damage.
The bat closely misses you. The wyvern zombie barely misses you.
The goblin barely misses you.
An orc comes into view.
The wyvern zombie closely misses you.
The orc shouts!
You hit the wyvern zombie.
The wyvern zombie convulses.
The wyvern zombie is moderately damaged.
You hear a shout!
The goblin hits you. The wyvern zombie bites you! The orc barely misses you.
The bat hits you but does no damage.
You hit the wyvern zombie.
The wyvern zombie convulses.
The wyvern zombie is moderately damaged.
The bat hits you. The wyvern zombie closely misses you. The goblin misses you.
The orc hits you with a +0 war axe. The wyvern zombie bites you!
* * * LOW HITPOINT WARNING * * *
The goblin closely misses you.
You see here a stone.
The wyvern zombie bites you!
You die...

#.# #.# #####.# {
#<.##.# ###
#..##.# ... {
#..##.###.#####
#.(#..o........
#....@Zgo......
#...#b#.).>....
#>................
#.##...#.#........
# #..............
#..##..........
#...##........##
#.#.##........#


You could see 2 orcs, a wyvern zombie, a goblin and a bat.

Vanquished Creatures
  Jessica (D:2)
  Terence (D:2)
  2 adders (D:2)
  4 bats (D:1)
  A giant cockroach (D:2)
  5 goblins
  2 hobgoblins
  8 kobolds
  A frilled lizard (D:2)
  2 rats (D:2)
27 creatures vanquished.

Notes
Turn   | Place    | Note
-------+----------+-------------------------------------------
     0 | D:1      | Bronimir the Formicid Earth Elementalist began the quest
                  | for the Orb.
     0 | D:1      | Reached XP level 1. HP: 13/13 MP: 3/3
   152 | D:1      | Reached XP level 2. HP: 19/19 MP: 1/5
   176 | D:1      | Reached skill level 4 in Earth Magic
   518 | D:1      | You fall into a shaft and drop 1 floor!
   518 | D:2      | Found a shimmering altar of Xom.
   849 | D:2      | Reached XP level 3. HP: 22/24 MP: 2/6
   984 | D:2      | Reached skill level 1 in Armour
  1024 | D:2      | Noticed Jessica
  1031 | D:2      | Killed Jessica
  1031 | D:2      | Reached XP level 4. HP: 21/30 MP: 4/7
  1115 | D:2      | Learned a level 2 spell: Passwall
  1119 | D:2      | Learned a level 3 spell: Stone Arrow
  1182 | D:2      | Noticed Terence
  1212 | D:2      | Killed Terence
  1212 | D:2      | Reached skill level 1 in Maces & Flails
  1215 | D:2      | Reached skill level 5 in Earth Magic
  1583 | D:2      | Reached XP level 5. HP: 34/35 MP: 9/9
  1866 | D:3      | Slain by a wyvern zombie

Levels and vault maps discovered:
D:1:      giann_bridges, layout_rooms
D:2:      layout_loops_corners, xom_butterflies, uniq_jessica, uniq_terence
D:3:      layout_rooms, tgw_sif, serial_co_window_serial,
          co_window_of_opportunity_a, co_window_paths_b, co_window_corner_a,
          co_window_of_opportunity_a, co_window_paths_a, co_window_corner_b,
          co_window_broadway_a, co_window_4corner_b, glass_columns_a,
          glass_columns_a, glass_columns_a

Skill      XL: |  1  2  3  4 |
---------------+-------------+-----
Earth Magic    | 4 5 |  5.0
Dodging        | 2 |  2.0
Armour         | 1 |  1.4
Maces & Flails | 1 |  1.0
Stealth        | |  2.4
Spellcasting   | |  2.9
Transmutations | |  1.2

Action                   |  1- 3 |  4- 6 || total
-------------------------+-------+-------++-------
Melee: Mace              |    12 |    17 ||    29
       Flail             |       |    11 ||    11
 Cast: Sandblast         |    29 |    12 ||    41
  Use: Potion            |       |     3 ||     3
 Stab: Sleeping          |       |     2 ||     2
  Eat: Chunk             |     1 |     1 ||     2
Armor: Robe              |    11 |     7 ||    18
Dodge: Dodged            |    25 |    41 ||    66
